 Dungeon Crawl Stone Soup version 0.28-a0-863-g8cecda6153 (webtiles) character file.

Game seed: 7464939086769131529

5 meatgazer the Skirmisher (level 1, -23/18 HPs)
             Began as a Demonspawn Abyssal Knight on Nov 17, 2021.
             Was a Follower of Lugonu.
             Annihilated by a large abomination (27 damage)
             ... on level 3 of the Abyss.
             The game lasted 00:00:36 (150 turns).

meatgazer the Skirmisher (Demonspawn Abyssal Knight) Turns: 150, Time: 00:00:36

Health: -23/18     AC:  3    Str: 13    XL:     1   Next: 66%
Magic:  2/2        EV: 11    Int: 11    God:    Lugonu [*.....]
Gold:   0          SH:  0    Dex: 13    Spells: 0/0 levels left

rFire   . . .      SeeInvis .   a - +1 spear
rCold   . . .      Faith    .   (no shield)
rNeg    . . .      Spirit   .   b - +0 leather armour
rPois   .          Reflect  .   (no helmet)
rElec   .          Harm     .   (no cloak)
rCorr   .          Rampage  .   (no gloves)
Will    .....                   (no boots)
Stlth   +.........              (no amulet)
HPRegen 0.00/turn               (no ring)
MPRegen 0.08/turn               (no ring)

@: sick
A: no striking features
a: Renounce Religion, Depart the Abyss


You were on level 3 of the Abyss.
You worshipped Lugonu.
Lugonu was aware of your devotion.
You visited 0 branches of the dungeon, and saw 0 of its levels.
You visited the Abyss 1 time.

Inventory:

Hand Weapons
 a - a +1 spear (weapon)
 c - a +2 whip of venom
Armour
 b - a +0 leather armour (worn)


   Skills:
 + Level 3.2 Fighting
 + Level 1.8 Polearms
 + Level 1.8 Armour
 + Level 0.8 Dodging
 + Level 2.5 Invocations


You couldn't memorise any spells.
You didn't know any spells.
Your spell library was empty.

Dungeon Overview and Level Annotations

Branches:
Dungeon (0/15)

Altars:


Message History

The ufetubus closely misses you. The ufetubus barely misses you.
You hit the ufetubus.
The ufetubus is severely wounded.
The ufetubus hits you.
The ufetubus hits you but does no damage.
The ufetubus hits you. x2
You closely miss the ufetubus.
The ufetubus is severely wounded.
The ufetubus completely misses you. The ufetubus closely misses you.
You closely miss the ufetubus.
The ufetubus is severely wounded.
The ufetubus closely misses you. x2; The ufetubus hits you.
The ufetubus closely misses you.
You hit the ufetubus.
The ufetubus is almost dead.
The ufetubus hits you. The ufetubus closely misses you.
You closely miss the ufetubus.
The ufetubus is almost dead.
The ufetubus closely misses you. x2; The ufetubus barely misses you.
The ufetubus hits you.
* * * LOW HITPOINT WARNING * * *
You barely miss the ufetubus.
The ufetubus is almost dead.
The ufetubus hits you but does no damage.
The ufetubus hits you.
* * * LOW HITPOINT WARNING * * *
You hit the ufetubus.
You kill the ufetubus!
You start resting.
An ancient zyme emerges from the beyond.
Found 5 stones.
You feel yourself growing ill in the presence of the ancient zyme.
You feel ill.
You feel ill. The ancient zyme closely misses you.
The ancient zyme barely misses you.
You feel ill.
You feel ill.
Found a leather armour.
The large abomination hits you!!
Ouch! That really hurt!
You die...

.....#.....# .##
.##.###.#.#
###..#..# . .##
###.##.#..# ...
#....#
#.x#.##..#...#.
####
#..#..#...#....#
#
####....#...#..#
#..
###....#....# .#
#..xX.....# #
##..@...### . .
#.##.### # # #.#
..# ..# ..# .
...# ### . .###
..


You could see 2 ancient zymes and a large abomination.

Vanquished Creatures
  An ufetubus (Abyss:3)
1 creature vanquished.

Notes
Turn   | Place    | Note
-------+----------+-------------------------------------------
     0 | Abyss:1  | meatgazer the Demonspawn Abyssal Knight began the quest for
                  | the Orb.
     0 | Abyss:1  | Reached XP level 1. HP: 18/18 MP: 2/2
    40 | Abyss:2  | Noticed an iron imp
    71 | Abyss:3  | Noticed a large abomination
   136 | Abyss:3  | Noticed an ancient zyme
   136 | Abyss:3  | Noticed an ancient zyme
   146 | Abyss:3  | Noticed a large abomination
   150 | Abyss:3  | Annihilated by a large abomination

Illustrated notes

Levels and vault maps discovered:
Abyss:3:  base: Temple, kilobyte_mutagenic_chamber, minivault_20

Action                   || total
-------------------------++-------
Melee: Spear             ||     8
Armor: Leather armour    ||     2
Dodge: Dodged            ||    13

Table legend: (Time is in decaauts)
 A = Elapsed time spent in this place.
 B = Non-inter-level travel time spent in this place.
 C = Inter-level travel time spent in this place.
 D = Time resting spent in this place.
 E = Time spent auto-exploring this place.
 F = Levels seen in this place.
 G = Mean time per level.
                   A        B        C        D        E       F      G
               +--------+--------+--------+--------+--------+-----+--------+
         Total |    149 |    149 |      0 |     35 |     33 |   3 |   49.7 |
         Abyss |    149 |    149 |      0 |     35 |     33 |   3 |   49.7 |
               +--------+--------+--------+--------+--------+-----+--------+

Top non-repeatable levels by time:
 Abyss:3: 82 daAuts
 Abyss:2: 37 daAuts
 Abyss:1: 29 daAuts
